 Dungeon Crawl Stone Soup version 0.18-a0-674-g00855b9 (console) character file.

28 demorobin the Changer (level 3, 0/31 HPs)
             Began as a Naga Transmuter on Dec 6, 2015.
             Slain by a gnoll
             ... wielding a +0 flail
              (12 damage)
             ... on level 1 of the Dungeon.
             The game lasted 00:03:02 (762 turns).

demorobin the Changer (Naga Transmuter)              Turns: 762, Time: 00:03:03

Health: 0/31       AC:  3    Str: 12    XL:     3   Next: 12%
Magic:  0/6        EV: 10    Int: 14    God:
Gold:   76         SH:  0    Dex: 11    Spells: 3 memorised, 0 levels left

rFire  . . .     SeeInvis +       - Unarmed
rCold  . . .     Clarity  .     b - +0 robe
rNeg   . . .     SustAt   .     (no shield)
rPois  +         Gourm    .     (no helmet)
rElec  .         Spirit   .     (no cloak)
rCorr  .         Dismiss  .     i - +0 pair of gloves
rMut   .         Stasis   .     (no barding)
MR     .....                    (no amulet)
Stlth  +.........               (no ring)
                                (no ring)

@: appendage, very slightly contaminated, very slow, not resistant to hostile
enchantments, very unstealthy
A: horns 2, see invisible, deformed body, poison resistance, slowness 2, slow
metabolism 1, spit poison 2, AC +1
a: Spit Poison, End Transformation


You were on level 1 of the Dungeon.
You were not hungry.
You had grown temporary horns.
You visited 1 branch of the dungeon, and saw 1 of its levels.

You collected 76 gold pieces.

Inventory:

Missiles
 a - 10 arrows
 f - 62 stones (quivered)
Armour
 b - a +0 robe (worn)
 i - a +0 pair of gloves (worn)
Scrolls
 h - a scroll of random uselessness {unknown}
 j - 3 scrolls of blinking {unknown}
 k - a scroll of recharging {unknown}
 l - a scroll of remove curse {unknown}
 n - a scroll of magic mapping {unknown}
Potions
 e - 2 potions of heal wounds {unknown}
 g - a potion of agility {unknown}
Books
 c - a book of Changes

   Spells                             Type                      Level
   a - Beastly Appendage              Transmutation                1
   b - Sticks to Snakes               Transmutation                2
   c - Spider Form                    Transmutation/Poison         3
   d - Ice Form                       Ice/Transmutation            4
   e - Blade Hands                    Transmutation                5
Comestibles
 d - a bread ration
 m - 7 chunks of flesh


   Skills:
 - Level 1.0 Fighting
 - Level 1.5 Dodging
 - Level 3.0 Unarmed Combat
 - Level 2.0 Spellcasting
 + Level 3.5 Transmutations


You couldn't memorise any spells.
You knew the following spells:

 Your Spells              Type           Power        Failure   Level  Hunger
a - Beastly Appendage     Trmt           ##....       6%          1    ##.....
b - Sticks to Snakes      Trmt           ##......     10%         2    ###....
c - Spider Form           Trmt/Pois      #.........   38%         3    ####...


Dungeon Overview and Level Annotations

Branches:
Dungeon (1/15)

Altars:


Innate Abilities, Weirdness & Mutations

You cannot wear boots.
Your serpentine skin is tough (AC +1).
You have supernaturally acute eyesight.
Armour fits poorly on your strangely shaped body.
Your system is resistant to poisons.
You cover ground very slowly.
You have a slow metabolism.
You can spit poison.
You have a pair of horns on your head.


Message History

You hit the gnoll.
The gnoll is lightly wounded.
You barely miss the gnoll.
The gnoll is lightly wounded.
You have got your breath back.
The gnoll hits you with a flail!
You take 10 damage, and have 21/31 hp.
MASSIVE DAMAGE!!
Casting: Beastly Appendage
Confirm with . or Enter, or press ? or * to list all spells.
You miscast Spider Form.
You are very lightly contaminated with residual magic.
You smell something strange.
The gnoll hits you with a flail!
You take 9 damage, and have 12/31 hp.
MASSIVE DAMAGE!!
You now have 2/6 mp.
Casting: Spider Form
Confirm with . or Enter, or press ? or * to list all spells.
You create a snake!
You now have 10 arrows.
The gnoll hits you with a flail!
You die... ████

..█ █.█ ██████.███████
...........g@S█
██..█████████.█ █..█
███████.████ █..█
█..........█ █..█
█..........█ █..█
█..........█
██████..███..........█
.....................█
████......>..........█


You could see a gnoll and a friendly ball python.

Vanquished Creatures
  2 oozes (D:1)
  A goblin (D:1)
  3 hobgoblins (D:1)
  3 jackals (D:1)
  2 ball pythons (D:1)
  4 bats (D:1)
  3 kobolds (D:1)
  3 rats (D:1)
21 creatures vanquished.

Notes
Turn   | Place    | Note
--------------------------------------------------------------
     0 | D:1      | demorobin the Naga Transmuter began the quest for the Orb.
     0 | D:1      | Reached XP level 1. HP: 18/18 MP: 3/3
    89 | D:1      | fotsohgehT: ну, ты прочуствовал мою боль
   135 | D:1      | Miyamura: о, нага которую я не осилил
   294 | D:1      | Reached XP level 2. HP: 23/25 MP: 3/5
   298 | D:1      | Learned a level 2 spell: Sticks to Snakes
   301 | D:1      | denko: Щас глянем, никогда Тм не играл раньше
   645 | D:1      | fotsohgehT: а в этой версии ещё и sts казуальные
   645 | D:1      | Reached XP level 3. HP: 29/31 MP: 4/6
   676 | D:1      | Learned a level 3 spell: Spider Form
   762 | D:1      | Slain by a gnoll

Vault maps used:
D:1:      dpeg_cavernosity

Action                   || total
-------------------------++-------
Melee: Unarmed           ||    51
Throw: Stone             ||    12
 Cast: Beastly Appendage ||    13
       Sticks to Snakes  ||     2
 Abil: Spit Poison       ||    11
